 Dungeon Crawl Stone Soup version 0.21-a0-88-g13b9641 (webtiles) character file.

105 vev the Caller (level 4, -4/27 HPs)
             Began as an Octopode Summoner on June 28, 2017.
             Slain by Pikel
             ... wielding a +1 whip of freezing
              (13 damage)
             ... on level 4 of the Dungeon.
             The game lasted 00:11:13 (2124 turns).

vev the Caller (Octopode Summoner)                  Turns: 2124, Time: 00:11:14

Health: -4/27      AC:  3    Str:  7    XL:     4   Next: 81%
Magic:  2/6        EV: 13    Int: 18    God:
Gold:   138        SH:  0    Dex: 12    Spells: 3/7 levels left

rFire    . . .     SeeInvis .   e - +0 mace
rCold    + . .     Gourm    .   (no shield)
rNeg     . . .     Faith    .   (helmet restricted)
rPois    .         Spirit   .   (no amulet)
rElec    .         Reflect  .   (no ring)
rCorr    .         Harm     .   (no ring)
MR       .....                  (no ring)
Stlth    ++++......             (no ring)
HPRegen  0.09/turn              (no ring)
MPRegen  0.10/turn              (no ring)
                                (no ring)
                                (no ring)

@: no status effects
A: almost no armour, stealthy swim, amphibious, 8 rings, constrict 8, slimy
green scales 1, camouflage 1, cold resistance 1, low mp 1, gelatinous body 1
a: no special abilities


You were on level 4 of the Dungeon.
You were not hungry.

You visited 1 branch of the dungeon, and saw 4 of its levels.

You collected 138 gold pieces.

Inventory:

Hand Weapons
 e - a +0 mace (weapon)
 l - a +0 short sword
 m - a +0 rapier
 o - a +0 dagger
Missiles
 i - 5 tomahawks (quivered)
 p - 83 stones
Jewellery
 q - an uncursed ring of fire
Wands
 x - a wand of paralysis (6/24)
Scrolls
 d - 2 scrolls of recharging {unknown}
 f - a scroll of teleportation
 g - 4 scrolls of enchant armour
 h - a scroll of remove curse
 k - 2 scrolls of blinking {unknown}
 t - a scroll of fog {unknown}
Potions
 j - 3 potions of berserk rage
 s - a potion of cancellation
 u - a potion of degeneration {unknown}
 v - a potion of agility {unknown}
 w - 2 potions of invisibility {unknown}
Books
 a - a book of Callings

   Spells                             Type                      Level
   a - Summon Small Mammal            Summoning                    1
   b - Call Imp                       Summoning                    2
   c - Call Canine Familiar           Summoning                    3
   d - Summon Guardian Golem          Hexes/Summoning              3
   e - Summon Lightning Spire         Summoning/Air                4
   f - Summon Ice Beast               Ice/Summoning                4
Comestibles
 b - 3 bread rations
 n - a meat ration
 r - 2 chunks of flesh


   Skills:
 - Level 2.0 Dodging
 + Level 5.0 Stealth
 - Level 2.0 Spellcasting
 + Level 5.1 Summonings


You had 3 spell levels left.
You knew the following spells:

 Your Spells              Type           Power        Failure   Level  Hunger
a - Summon Small Mammal   Summ           ###.         2%          1    #......
d - Call Canine Familiar  Summ           ###.....     6%          3    ###....


Dungeon Overview and Level Annotations

Branches:
Dungeon (4/15)
 Temple: D:4-7

Altars:
Cheibriados
Dithmenos
Qazlal
Trog
Vehumet

Annotations:
D:4 Pikel


Innate Abilities, Weirdness & Mutations

You cannot wear most types of armour.
You are very stealthy in the water. (Stealth+)
You are amphibious.
You can wear up to eight rings at the same time.
You can use your tentacles to constrict eight enemies at once.
Your skin changes colour to match your surroundings (Stealth+).
Your rubbery body absorbs attacks. (AC +1, EV +1)
You are partially covered in slimy green scales. (AC +2)
Your flesh is cold resistant. (rC+)
Your magical capacity is low. (-10% MP)


Message History

Pikel is lightly wounded.
You constrict Pikel.
Your quokka bites the slave but does no damage.
Pikel closely misses you. The slave closely misses you.
Your quokka bites Pikel but does no damage.
The slave hits you.
* * * LOW HITPOINT WARNING * * *
Pikel hits you with a whip of freezing.
* * * LOW HITPOINT WARNING * * *
You swap places.
You release your grip on Pikel.
The slave hits your quokka!
Your quokka dies!
Your quokka's corpse disappears in a puff of smoke!
The slave hits your rat.
Your rat dies!
Your rat's corpse disappears in a puff of smoke!
Unknown command.
Pikel says, "You'll fetch a fair price!"
There is a stone staircase leading up here.
Pikel hits you with a whip of freezing!
You die...

######....pp.p.....#...#
#.........p..p..#......#
........######........#..
..>...... ##..##........
.........###..#..........
...K.....##..#.p#.#.#.#..
.............p...........
............#K..#.#.#.#..
p........####@.).........
... #...#.#.#.#.. .#
...............^
##..##.#.#.#.#.. ...(
...........
.###............. .
#.............
..............


You could see Pikel and 2 slaves.

Vanquished Creatures
  Ijyb (D:4)
  A worker ant zombie (D:3)
  2 worms
  3 dart slugs (D:1)
  A leopard gecko (D:1)
  2 ball pythons (D:3)
  2 giant cockroaches
  3 goblins
  6 hobgoblins
  2 bats
  A frilled lizard (D:2)
  4 kobolds
  6 rats
34 creatures vanquished.

Vanquished Creatures (collateral kills)
  2 adders (D:2)
  3 worms (D:2)
  A giant cockroach (D:1)
  A goblin (D:2)
  2 hobgoblins (D:1)
  2 kobolds
  2 bats
  3 rats
16 creatures vanquished.

Grand Total: 50 creatures vanquished

Notes
Turn   | Place    | Note
-------+----------+-------------------------------------------
     0 | D:1      | vev the Octopode Summoner began the quest for the Orb.
     0 | D:1      | Reached XP level 1. HP: 11/11 MP: 3/3
   105 | D:1      | Reached skill level 3 in Stealth
   114 | D:1      | Reached XP level 2. HP: 16/17 MP: 1/5
   653 | D:2      | Reached XP level 3. HP: 21/21 MP: 1/6
   884 | D:2      | Learned a level 3 spell: Call Canine Familiar
   966 | D:2      | Reached skill level 4 in Stealth
  1251 | D:2      | Found a snail-covered altar of Cheibriados.
  1266 | D:2      | Gained mutation: Your magical capacity is low. (-10% MP) [potion of mutation]
  1266 | D:2      | Gained mutation: Your flesh is cold resistant. (rC+) [potion of mutation]
  1266 | D:2      | Gained mutation: You are partially covered in slimy green scales. (AC +2) [potion of mutation]
  1538 | D:3      | Reached XP level 4. HP: 27/27 MP: 6/6
  1588 | D:3      | Found a stormy altar of Qazlal.
  1729 | D:3      | Found a bloodstained altar of Trog.
  1870 | D:3      | Found a shadowy altar of Dithmenos.
  1934 | D:3      | Reached skill level 5 in Summonings
  2059 | D:4      | Noticed Ijyb
  2066 | D:4      | Found a radiant altar of Vehumet.
  2072 | D:4      | Killed Ijyb
  2072 | D:4      | Reached skill level 5 in Stealth
  2100 | D:4      | Noticed Pikel
  2101 | D:4      | Noticed a slave
  2101 | D:4      | Noticed a slave
  2110 | D:4      | Noticed a slave
  2112 | D:4      | Noticed a slave
  2124 | D:4      | Slain by Pikel

Vault maps used:
D:1:      shiori_arrival_elements, serial_park_tiny_1, lexackson_kobold_supper
D:2:      cheibriados_altar_1, minmay_pentomino_x2
D:3:      bloody_trog, overflow_temple_1_default, grunt_qazlal_clouds
D:4:      vehumet_crystals, serial_glass, glass_columns_b, glass_columns_c,
          uniq_ijyb, uniq_pikel

Skill      XL: |  1  2  3  4 |
---------------+-------------+-----
Stealth        | 3 4 5 |  5.0
Summonings     | 5 |  5.1
Dodging        | |  2.0
Spellcasting   | |  2.0

Action                   |  1- 3 |  4- 6 || total
-------------------------+-------+-------++-------
Melee: Unarmed           |     9 |       ||     9
       Mace              |    52 |    28 ||    80
       Constrict         |    15 |    10 ||    25
       Tentacles         |     8 |     6 ||    14
 Cast: Summon Small Mamm |    33 |     3 ||    36
       Call Canine Famil |     3 |     4 ||     7
  Use: Scroll            |     4 |     3 ||     7
       Potion            |     1 |       ||     1
 Stab: Sleeping          |    11 |     4 ||    15
       Distracted        |       |     1 ||     1
  Eat: Chunk             |     3 |     2 ||     5
Armor: Skin              |     8 |     5 ||    13
Dodge: Dodged            |    36 |    16 ||    52
